 Dungeon Crawl Stone Soup version 0.22.0 (webtiles) character file.

49926 Gorglomux the Fighter (level 13, -11/119 HPs)
             Began as a Demigod Summoner on Aug 11, 2018.
             Mangled by Donald
             ... wielding a +2 scimitar of venom
              (47 damage)
             ... on level 2 of the Orcish Mines.
             The game lasted 01:13:04 (37257 turns).

Gorglomux the Fighter (Demigod Summoner)           Turns: 37257, Time: 01:13:04

Health: -11/119    AC: 15    Str: 11    XL:     13   Next: 83%
Magic:  8/31       EV: 29    Int: 30    God:
Gold:   645        SH:  0    Dex: 16    Spells: 14/31 levels left

rFire    . . .     SeeInvis .   r - +0 hand axe (freeze)
rCold    . . .     Gourm    .   (no shield)
rNeg     + . .     Faith    .   n - +1 ring mail {rPois}
rPois    +         Spirit   .   L - +0 helmet
rElec    +         Reflect  .   K - +2 cloak
rCorr    .         Harm     .   k - +2 pair of gloves "Xiack" {rN+ Int+3}
MR       +++..                  (no boots)
Stlth    +.........             p - amulet of the acrobat
HPRegen  0.29/turn              z - ring of Illuad {Wiz rElec MR+ Slay+2}
MPRegen  0.22/turn              m - ring of protection from magic

@: lethally poisoned (-11 -> -12)
A: high mp 1
a: no special abilities


You were on level 2 of the Orcish Mines.
You were not hungry.

You visited 3 branches of the dungeon, and saw 23 of its levels.

You collected 2445 gold pieces.
You spent 1800 gold pieces at shops.

Inventory:

Hand Weapons
 r - a +0 hand axe of freezing (weapon)
 C - a +4 scimitar of flaming
Armour
 k - the +2 pair of gloves "Xiack" (worn) {rN+ Int+3}
   (You bought it in a shop on level 2 of the Orcish Mines)

   It affects your intelligence (+3).
   It protects you from negative energy.
 n - a +1 ring mail of poison resistance (worn)
 K - a +2 cloak (worn)
 L - a +0 helmet (worn)
Jewellery
 m - a ring of protection from magic (right hand)
 p - an amulet of the acrobat (around neck)
 z - the ring of Illuad (left hand) {Wiz rElec MR+ Slay+2}
   (You bought it in a shop on level 2 of the Orcish Mines)

   [ring of wizardry]

   It improves your spell success rate.
   It affects your accuracy and damage with ranged weapons and melee attacks
   (+2).
   It insulates you from electricity.
   It affects your resistance to hostile enchantments.
Wands
 A - a wand of acid (16)
 E - a wand of enslavement (10)
 I - a wand of iceblast (15)
 O - a wand of clouds (6)
 P - a wand of paralysis (11)
 S - a wand of scattershot (1)
Scrolls
 e - 11 scrolls of remove curse
 h - 3 scrolls of noise
 l - 2 scrolls of vulnerability {unknown}
 q - 3 scrolls of immolation
 t - 3 scrolls of random uselessness
 v - a scroll of silence
 w - 4 scrolls of amnesia
 y - a scroll of fog
 B - a scroll of blinking
 D - 7 scrolls of enchant weapon
 M - 6 scrolls of magic mapping
 N - a scroll of summoning
 R - 14 scrolls of identify
 T - 7 scrolls of teleportation
 W - 2 scrolls of enchant armour
 Y - 2 scrolls of fear
Potions
 o - a potion of berserk rage {unknown}
 s - a potion of agility
 u - a potion of heal wounds
 F - 4 potions of haste
 G - 2 potions of mutation {!q}
 H - a potion of might
 J - a potion of lignification
 Q - 6 potions of curing
 V - 13 potions of flight
 X - 4 potions of brilliance
 Z - 2 potions of invisibility
Miscellaneous
 U - a box of beasts
Comestibles
 c - 38 rations
 x - 4 chunks of flesh


   Skills:
 + Level 12.4 Fighting
 - Level 6.0 Armour
 + Level 6.4 Dodging
 - Level 1.7 Stealth
 - Level 9.6 Spellcasting
 - Level 3.0 Charms
 - Level 10.8 Summonings
 - Level 3.0 Necromancy
 - Level 4.0 Ice Magic
 - Level 5.0 Air Magic
 - Level 5.0 Evocations


You had 14 spell levels left.
You knew the following spells:

 Your Spells              Type           Power        Failure   Level  Hunger
a - Summon Small Mammal   Summ           ####         1%          1    None
b - Call Imp              Summ           ######..     1%          2    None
c - Call Canine Familiar  Summ           ######..     1%          3    None
d - Summon Ice Beast      Ice/Summ       ######..     1%          4    None
l - Summon Lightning Spi  Summ/Air       ######..     1%          4    None
R - Regeneration          Chrm/Necr      ####......   2%          3    None

Your spell library contained the following spells:

 Spells                   Type           Power        Failure   Level  Hunger
 Apportation              Tloc           ##....       3%          1    None
 Confuse                  Hex            ##......     10%         3    None
 Invisibility             Hex            ##......     99%         6    #####..
 Animate Dead             Necr           N/A          9%          4    None
 Pain                     Necr           ####         1%          1    None
 Animate Skeleton         Necr           N/A          1%          1    None
 Vampiric Draining        Necr           ####......   2%          3    None
 Tukima's Dance           Hex            ##......     10%         3    None
 Confusing Touch          Hex            ##....       3%          1    None
 Metabolic Englaciation   Hex/Ice        ####......   34%         5    ###....
 Summon Butterflies       Summ           ######..     1%          1    None
 Alistair's Intoxication  Tmut/Pois      ##......     61%         5    ###....
 Petrify                  Tmut/Erth      ##......     30%         4    None
 Shroud of Golubria       Chrm/Tloc      ###.......   2%          2    None
 Infusion                 Chrm           ####         1%          1    None
 Song of Slaying          Chrm           ####....     1%          2    None
 Spectral Weapon          Hex/Chrm       ###.....     5%          3    None
 Summon Guardian Golem    Hex/Summ       #####...     1%          3    None
 Gell's Gravitas          Tloc           ##........   10%         3    None
 Yara's Violent Unravell  Hex/Tmut       ##........   61%         5    ###....
 Lesser Beckoning         Tloc           ##........   10%         3    None


Dungeon Overview and Level Annotations

Branches:
Dungeon (15/15)            Temple (0/1) D:4            Lair (6/6) D:10
 Shoals (0/4) Lair:4        Snake (0/4) Lair:2        Slime (0/5) Lair:5
    Orc (2/2) D:10         Vaults (0/5) D:14         Depths (0/5) D:15
    Elf: Orc:2

Shops:
D:10 (   Orc:2 =*[*

Annotations:
D:7 1 runed door
Lair:1 2 transporters
Lair:4 1 runed door, Wabbos's ghost, journeyman MiFi
Lair:6 2 runed doors, exclusion: 3 oklob plants, zkyp's ghost, journeyman TeAE
Orc:2 Donald


Innate Abilities, Weirdness & Mutations

You have an increased reservoir of magic. (+10% MP)


Message History

The warg bites your warg!!!!!!
Your warg misses the warg!
Donald says, "Why do the shops only ever sell food?
I could get that at home!"
Donald hits you with a butt of venom!!!!!!
The warg bites your warg!
Your warg bites the warg!!!
Donald blocks your ice beast's attack!
Your ice beast barely misses Donald!
Unknown command!
Unknown command!
Evoke which item? (* to show all) (? for menu, Esc to quit)
Okay, then!
Evoke which item? (* to show all) (? for menu, Esc to quit)
You open the lid!!! !!.and a juvenile batsting butt flies out!!!
Donald hits you with a scimitar of venom!!!!!!
You are poisoned!
The warg bites your warg!
Your warg barely misses the warg!
Your ice beast hits Donald but does no damage!
Donald blocks your ice beast's attack!
You feel butt!
The warg closely misses butt's butt!
Donald hits you with a scimitar of venom!!!!!!!!! rip

..... ##..### .....##
#....#. .......## ###
##..###
..#.....###.#######....##
........##...#.##........
.....hYY#.#..............
.....h..........)...)..#.
..#...8.@.....##.........
........@H...............
...............#.###.#...
..................#...#..
.................##..<...
.........................
.........................
#............... .......
#.............. .......
.......


You could see Donald, a warg, a friendly juvenile batsting beast, a friendly
warg, 2 friendly ice beasts and a friendly lightning spire.

Vanquished Creatures
  A two-headed ogre (D:15)
  A deep elf mage (D:13)
  Pikel (D:4)
  3 centaur zombies
  A black mamba (Lair:3)
  2 spiny frogs
  2 hellwings (D:9)
  A troll (D:10)
  A polar bear (D:15)
  A water elemental (D:15)
  3 yaks
  A warg (Orc:1)
  3 water moccasins
  2 sky beasts
  3 porcupines
  A slave (D:4)
  2 orc warriors
  A black bear (D:8)
  A phantom (D:14)
  A wolf (D:15)
  2 ogres
  2 centaurs
  A crocodile (Lair:4)
  A big kobold (D:9)
  An elf zombie (D:8)
  Blork the orc (D:4)
  5 bullfrogs
  2 scorpions (D:6)
  3 killer bees
  A wight (D:12)
  A howler monkey (D:14)
  4 crimson imps
  A jelly (Lair:5)
  7 orc priests
  2 bullfrog skeletons
  A centaur skeleton (D:4)
  2 hounds
  2 worker ants
  2 orc wizards
  A worker ant zombie (D:10)
  6 adders
  A howler monkey skeleton (D:4)
  A white imp (D:15)
  An ooze (D:7)
  An adder zombie (D:7)
  3 leopard geckos
  32 orcs
  4 bats
  A giant cockroach (D:5)
  8 goblins
  2 hobgoblins
  10 jackals
  A quokka (D:11)
  5 frilled lizards
  A hobgoblin zombie (D:6)
  12 kobolds
  A leopard gecko skeleton (D:6)
  A leopard gecko zombie (D:6)
  An orc skeleton (D:6)
  A quokka zombie (D:5)
  3 rats
  A fungus (Lair:5)
171 creatures vanquished.

Vanquished Creatures (collateral kills)
  Rupert (D:13)
  Nessos (Orc:2)
  A dire elephant (D:15)
  Josephine (Lair:6)
  Snorg (D:12)
  Fannar (Lair:1)
  9 hydras
  A merfolk avatar (Lair:6)
  A centaur warrior (D:14)
  Erica (Lair:2)
  5 two-headed ogres
  2 death knights
  5 orc high priests (Orc:2)
  A tengu warrior (D:15)
  4 unseen horrors
  A wizard (D:14)
  A harpy (Lair:6)
  2 phantasmal warriors (D:14)
  A lindwurm (Lair:5)
  5 ugly things (D:15)
  A wolf spider zombie (D:15)
  A wolf spider (D:15)
  2 oklob plants
  3 orc knights
  6 manticores
  A cyclops (D:15)
  Maurice (Orc:1)
  4 black mambas
  13 elephants
  Joseph (D:9)
  9 spiny frogs
  3 gargoyles
  Psyche (D:8)
  A kobold demonologist (D:11)
  5 rime drakes
  A komodo dragon (shapeshifter) (D:14)
  8 komodo dragons
  A freezing wraith (D:14)
  3 tengu conjurers
  5 trolls
  A queen bee (D:12)
  3 meliai (D:12)
  9 polar bears
  A hornet (Lair:6)
  Grinder (D:4)
  A slime creature (D:15)
  Prince Ribbit (D:5)
  13 blink frogs
  2 meliai zombies
  9 dream sheep
  A dream sheep (shapeshifter) (D:14)
  5 hippogriffs
  A redback (shapeshifter) (D:14)
  2 shadows
  6 wraiths
  4 basilisks
  3 wyverns
  2 hungry ghosts
  25 yaks
  3 vampire mosquitoes (D:15)
  4 wargs
  Menkaure (D:7)
  A soldier ant (shapeshifter) (D:15)
  An acid dragon (D:15)
  6 porcupines
  9 water moccasins
  6 sky beasts
  19 orc warriors
  7 ice beasts
  2 slaves (D:4)
  A necrophage (D:8)
  5 wolves (Lair:4)
  5 ogres
  6 centaurs
  16 crocodiles
  18 big kobolds
  12 bullfrogs
  2 wyvern zombies
  3 scorpions
  3 wyvern skeletons
  29 killer bees
  18 wights
  2 howler monkeys
  8 electric eels
  3 crimson imps
  2 bullfrog zombies
  3 centaur zombies
  2 quasits
  5 hounds
  3 human zombies (D:8)
  36 orc priests
  A gnoll shaman (D:6)
  15 jellies
  23 orc wizards
  2 bullfrog skeletons (D:9)
  9 centaur skeletons
  3 human skeletons (D:8)
  2 iguanas
  2 worker ants
  A hound zombie (D:11)
  A hound skeleton (D:4)
  4 gnolls (D:6)
  7 adders
  7 shadow imps
  2 white imps (D:15)
  12 oozes
  2 adder skeletons
  A worm (D:2)
  A dart slug (D:1)
  2 leopard geckos
  72 orcs
  3 giant cockroaches
  8 goblins
  2 hobgoblins (D:1)
  3 jackals
  2 quokkas (D:2)
  2 ball pythons
  4 bats
  2 frilled lizards (D:1)
  A hobgoblin zombie (D:6)
  A jackal skeleton (D:5)
  11 kobolds
  2 orc skeletons (D:6)
  2 rats
  3 fungi
  A plant (Lair:4)
662 creatures vanquished.

Vanquished Creatures (others)
  A hobgoblin (D:1)
  A butterfly (Lair:5)
  16 fungi
  42 plants
60 creatures vanquished.

Grand Total: 893 creatures vanquished

Notes
Turn   | Place    | Note
-------+----------+-------------------------------------------
     0 | D:1      | Gorglomux the Demigod Summoner began the quest for the Orb.
     0 | D:1      | Reached XP level 1. HP: 14/14 MP: 5/5
   421 | D:1      | Reached XP level 2. HP: 13/22 MP: 7/7
   535 | D:1      | Learned a level 2 spell: Call Imp
   683 | D:1      | Reached skill level 1 in Fighting
  1634 | D:2      | Reached XP level 3. HP: 21/28 MP: 6/9
  2742 | D:3      | Found a faded altar of an unknown god.
  3542 | D:3      | Found an opulent altar of Gozag.
  3679 | D:4      | Noticed a slave
  3680 | D:4      | Noticed Pikel
  3680 | D:4      | Noticed a slave
  3681 | D:4      | Noticed a slave
  3682 | D:4      | Noticed a slave
  3689 | D:4      | Noticed a scorpion
  3706 | D:4      | Reached XP level 4. HP: 4/36 MP: 1/10
  4130 | D:3      | Learned a level 3 spell: Call Canine Familiar
  4141 | D:4      | Reached skill level 2 in Fighting
  4306 | D:3      | Noticed an ogre
  4348 | D:3      | Killed an ogre
  4559 | D:4      | Noticed Blork the orc
  4561 | D:4      | Reached skill level 3 in Spellcasting
  4561 | D:4      | Reached XP level 5. HP: 33/42 MP: 9/12
  5522 | D:4      | Noticed Grinder
  5533 | D:4      | Killed Grinder
  5533 | D:4      | Reached skill level 3 in Fighting
  5533 | D:4      | Reached XP level 6. HP: 38/51 MP: 1/14
  5656 | D:4      | Learned a level 4 spell: Summon Lightning Spire
  5810 | D:4      | Killed Blork the orc
  5992 | D:4      | Found a staircase to the Ecumenical Temple.
  6188 | D:4      | Killed Pikel
  6188 | D:4      | Reached skill level 4 in Fighting
  6188 | D:4      | Reached XP level 7. HP: 36/59 MP: 4/16
  6387 | D:5      | Entered Level 5 of the Dungeon
  6454 | D:5      | Noticed Prince Ribbit
  6512 | D:5      | Killed Prince Ribbit
  6719 | D:5      | Found an opulent altar of Gozag.
  6848 | D:5      | Found a snail-covered altar of Cheibriados.
  7049 | D:5      | Reached skill level 6 in Summonings
  7299 | D:6      | Reached XP level 8. HP: 53/67 MP: 14/18
  7368 | D:6      | Reached skill level 3 in Air Magic
  7899 | D:6      | Found a glowing golden altar of the Shining One.
  7927 | D:6      | Reached skill level 5 in Fighting
  7934 | D:6      | Got a bronze leather armour
  7945 | D:6      | Identified the +3 leather armour of Ru's Outrage {*Drain Dex+4} (You found it on level 6 of the Dungeon)
  8092 | D:6      | Found a burning altar of Makhleb.
  8092 | D:6      | Noticed a green death
  8632 | D:7      | Reached skill level 1 in Armour
  8657 | D:7      | Found a runed door.
  8755 | D:7      | Noticed Menkaure
  8767 | D:7      | Killed Menkaure
  9578 | D:7      | Found a radiant altar of Vehumet.
 10076 | D:8      | Noticed Psyche
 10229 | D:8      | Killed Psyche
 10230 | D:8      | Reached XP level 9. HP: 68/75 MP: 9/21
 10398 | D:8      | Noticed a two-headed ogre
 10424 | D:8      | Killed a two-headed ogre
 10424 | D:8      | Reached skill level 6 in Fighting
 10424 | D:8      | Reached skill level 3 in Armour
 10580 | D:8      | Reached skill level 6 in Spellcasting
 10832 | D:8      | Noticed an oklob plant
 10850 | D:8      | Killed an oklob plant
 11535 | D:8      | Found an ancient bone altar of Kikubaaqudgha.
 11786 | D:8      | Learned a level 4 spell: Summon Ice Beast
 11867 | D:9      | Reached skill level 7 in Fighting
 12099 | D:9      | Noticed Joseph
 12131 | D:9      | Killed Joseph
 12464 | D:9      | Noticed a hellwing
 12478 | D:9      | Reached XP level 10. HP: 69/86 MP: 3/24
 13099 | D:9      | Found a stormy altar of Qazlal.
 13122 | D:9      | Noticed a two-headed ogre
 13129 | D:9      | Killed a two-headed ogre
 13440 | D:9      | Reached skill level 8 in Fighting
 13463 | D:9      | Reached skill level 9 in Summonings
 13760 | D:9      | Noticed a three-headed hydra
 13782 | D:9      | Killed a three-headed hydra
 13900 | D:10     | Entered Level 10 of the Dungeon
 15381 | D:11     | Noticed a manticore
 15391 | D:11     | Killed a manticore
 15445 | D:11     | Killed an unseen horror
 15535 | D:11     | Killed an unseen horror
 15535 | D:11     | Reached XP level 11. HP: 94/95 MP: 21/27
 15903 | D:11     | Reached skill level 9 in Fighting
 16581 | D:10     | Found a staircase to the Lair.
 16593 | D:10     | Found Misewer's Weapon Boutique.
 16597 | D:10     | Found a staircase to the Orcish Mines.
 16740 | Lair:1   | Entered Level 1 of the Lair of Beasts
 16740 | Lair:1   | Found a labyrinth entrance.
 17108 | Lair:1   | Found a transporter.
 17328 | Lair:1   | Found a transporter.
 17417 | Lair:1   | Noticed Fannar
 17444 | Lair:1   | Killed Fannar
 17843 | Lair:2   | Found a staircase to the Snake Pit.
 17876 | Lair:2   | Reached skill level 9 in Spellcasting
 19787 | Lair:2   | Found a burning altar of Makhleb.
 19895 | Lair:2   | Noticed Erica
 19905 | Lair:2   | Killed Erica
 20181 | Lair:3   | Reached skill level 10 in Fighting
 22093 | Lair:4   | Found a runed door.
 22093 | Lair:4   | Found a shimmering altar of Xom.
 22093 | Lair:4   | Noticed Wabbos's ghost (journeyman MiFi)
 22101 | Lair:4   | Noticed a halberd of chaos
 22119 | Lair:4   | Reached skill level 1 in Ice Magic
 22667 | Lair:4   | Noticed a five-headed hydra
 22675 | Lair:4   | Reached XP level 12. HP: 94/107 MP: 28/30
 22684 | Lair:4   | Killed a five-headed hydra
 22779 | Lair:4   | Found a staircase to the Shoals.
 23324 | Lair:5   | Noticed a four-headed hydra
 24022 | Lair:5   | Killed a four-headed hydra
 24178 | Lair:5   | Found a staircase to the Slime Pits.
 24332 | Lair:5   | Reached skill level 3 in Ice Magic
 24787 | Lair:6   | Entered Level 6 of the Lair of Beasts
 24787 | Lair:6   | Noticed a six-headed hydra
 24787 | Lair:6   | Noticed Josephine
 25646 | Lair:6   | Reached skill level 11 in Fighting
 25914 | Lair:5   | Learned a level 3 spell: Regeneration
 26235 | Lair:6   | Killed a six-headed hydra
 26413 | Lair:6   | Reached skill level 1 in Charms
 26413 | Lair:6   | Reached skill level 1 in Necromancy
 26413 | Lair:6   | Reached skill level 1 in Evocations
 26707 | Lair:6   | Paralysed by a hornet for 2 turns
 27485 | Lair:6   | Noticed a five-headed hydra
 27493 | Lair:6   | Killed a five-headed hydra
 27964 | Lair:6   | Killed Josephine
 28157 | Lair:6   | Found a large runed door.
 28157 | Lair:6   | Found a large runed door.
 28157 | Lair:6   | Noticed zkyp's ghost (journeyman TeAE)
 28158 | Lair:6   | Noticed a five-headed hydra
 28168 | Lair:6   | Killed a five-headed hydra
 28168 | Lair:6   | Reached skill level 3 in Dodging
 28492 | Lair:6   | Noticed a merfolk avatar
 28512 | Lair:6   | Killed a merfolk avatar
 28946 | D:12     | Found a sacrificial altar of Ru.
 29230 | D:12     | Noticed Snorg
 29253 | D:12     | Killed Snorg
 29715 | D:12     | Noticed a four-headed hydra
 29767 | D:12     | Killed a four-headed hydra
 29896 | D:12     | Reached XP level 13. HP: 116/116 MP: 27/31
 30110 | D:13     | Noticed Rupert
 30126 | D:13     | Killed Rupert
 30126 | D:13     | Reached skill level 3 in Necromancy
 30126 | D:13     | Reached skill level 3 in Evocations
 30296 | D:13     | Reached skill level 3 in Charms
 30676 | D:13     | Found a white marble altar of Elyvilon.
 31932 | D:14     | Found a gate to the Vaults.
 32709 | D:15     | Entered Level 15 of the Dungeon
 33551 | D:15     | Reached skill level 12 in Fighting
 33703 | D:15     | Noticed a dire elephant
 34276 | D:15     | Reached skill level 6 in Armour
 34685 | D:15     | Found a staircase to the Depths.
 34773 | D:15     | Killed a dire elephant
 35100 | D:15     | Found a sacrificial altar of Ru.
 35218 | Orc:1    | Entered Level 1 of the Orcish Mines
 35389 | Orc:1    | Noticed Maurice
 35432 | Orc:1    | Killed Maurice
 35768 | Orc:2    | Entered Level 2 of the Orcish Mines
 36194 | Orc:2    | Reached skill level 6 in Dodging
 36304 | Orc:2    | Found Gastrafoa's Armour Emporium.
 36379 | Orc:2    | Bought the +2 pair of gloves "Xiack" {rN+ Int+3} for 448 gold pieces
 36389 | Orc:2    | Found Eddaklig's General Store.
 36466 | Orc:2    | Bought a scroll of teleportation for 42 gold pieces
 36466 | Orc:2    | Bought a potion of resistance for 140 gold pieces
 36466 | Orc:2    | Bought a scroll of magic mapping for 49 gold pieces
 36837 | Orc:2    | Found a roughly hewn altar of Beogh.
 36860 | Orc:2    | Noticed Nessos
 36887 | Orc:2    | Killed Nessos
 37087 | Orc:2    | Found Mionisocs's Jewellery Emporium.
 37087 | Orc:2    | Found Joum Zau's General Store.
 37114 | Orc:2    | Bought the ring of Illuad {Wiz rElec MR+ Slay+2} for 638 gold pieces
 37132 | Orc:2    | Bought a scroll of enchant armour for 127 gold pieces
 37132 | Orc:2    | Bought a scroll of summoning for 161 gold pieces
 37132 | Orc:2    | Bought a scroll of identify for 34 gold pieces
 37132 | Orc:2    | Bought a scroll of identify for 34 gold pieces
 37132 | Orc:2    | Bought a scroll of blinking for 127 gold pieces
 37245 | Orc:2    | Noticed Donald
 37257 | Orc:2    | Mangled by Donald

Skill      XL: |  1  2  3  4  5  6  7  8  9 10 11 12 13 |
---------------+----------------------------------------+-----
Spellcasting   | 2 3 4 5 6 8 9 |  9.6
Fighting       | 1 2 3 4 5 7 8 10 11 12 | 12.4
Summonings     | 4 5 6 8 9 10 | 10.8
Air Magic      | 2 4 5 |  5.0
Armour         | 2 3 4 6 |  6.0
Ice Magic      | 1 4 |  4.0
Dodging        | 3 6 |  6.4
Charms         | 2 3 |  3.0
Necromancy     | 2 3 |  3.0
Evocations     | 2 5 |  5.0
Stealth        | |  1.7

Action                   |  1- 3 |  4- 6 |  7- 9 | 10-12 | 13-15 || total
-------------------------+-------+-------+-------+-------+-------++-------
Melee: Short sword       |    93 |       |       |       |       ||    93
       Hand axe          |    28 |   106 |   193 |   536 |   350 ||  1213
Throw: Throwing net      |       |       |     1 |       |       ||     1
 Cast: Summon Small Mamm |    10 |     3 |       |       |       ||    13
       Call Imp          |    34 |    10 |     2 |     9 |     3 ||    58
       Call Canine Famil |       |    27 |    35 |    79 |    53 ||   194
       Summon Lightning  |       |       |    45 |   114 |    51 ||   210
       Summon Ice Beast  |       |       |     3 |   138 |   156 ||   297
       Regeneration      |       |       |       |     2 |     2 ||     4
Evoke: Wand              |       |       |       |     9 |     3 ||    12
       Box of beasts     |       |       |       |       |     1 ||     1
  Use: Potion            |     5 |       |       |       |       ||     5
       Scroll            |       |    10 |     6 |     8 |     2 ||    26
 Stab: Sleeping          |     2 |       |     5 |     4 |       ||    11
       Distracted        |       |     1 |     6 |    13 |     4 ||    24
  Eat: Chunk             |     9 |     5 |    22 |    35 |    18 ||    89
       Ration            |       |     2 |     2 |     8 |     1 ||    13
Armor: Robe              |    36 |    26 |     9 |       |       ||    71
       Skin              |     9 |    25 |       |       |       ||    34
       Leather armour    |       |       |    58 |   266 |       ||   324
       Troll leather arm |       |       |       |    16 |   193 ||   209
       Ring mail         |       |       |       |       |     2 ||     2
Dodge: Dodged            |    99 |    98 |   191 |   685 |   441 ||  1514
